 Dungeon Crawl Stone Soup version 0.16-a0-4023-g001212b (webtiles) character file.

86 BluebellGnoll the Skirmisher (level 4, -8/40 HPs)
             Began as a Minotaur Gladiator on Feb 18, 2015.
             Mangled by hornqvist's ghost (11 damage)
             ... on level 3 of the Dungeon.
             The game lasted 00:04:01 (1357 turns).

BluebellGnoll the Skirmisher (Minotaur Gladiator)   Turns: 1357, Time: 00:04:01

Health: -8/40      AC: 14    Str: 21    XL:     4   Next: 27%
Magic:  2/2        EV:  7    Int:  5    God:
Gold:   98         SH:  0    Dex: 10    Spells: 0 memorised, 3 levels left

rFire  . . .     SeeInvis .     a - +0 war axe
rCold  . . .     Clarity  .     o - +0 plate armour
rNeg   . . .     SustAb   .     (no shield)
rPois  .         Gourm    .     c - +0 hat
rElec  .         Spirit   .     e - +0 cloak
rCorr  .         Warding  .     w - +0 pair of gloves
rMut   .         Stasis   .     h - +0 pair of boots
MR     .....                    (no amulet)
Stlth  ..........               (no ring)
                                (no ring)

@: lethally poisoned (-8 -> -14), flying, not resistant to hostile enchantments,
extremely unstealthy
A: retaliatory headbutt, horns 2
a: no special abilities


You were on level 3 of the Dungeon.
You were hungry.

You visited 1 branch of the dungeon, and saw 3 of its levels.

You collected 98 gold pieces.

Inventory:

Hand weapons
 a - a +0 war axe (weapon)
Missiles
 d - 3 throwing nets (quivered)
Armour
 c - a +0 hat (worn)
 e - a +0 cloak (worn)
 h - a +0 pair of boots (worn)
 o - a +0 plate armour (worn)
 w - a +0 pair of gloves (worn)
Scrolls
 b - a scroll of enchant armour {unknown}
 g - 3 scrolls of identify {unknown}
 i - a scroll of fear {unknown}
 k - 2 scrolls of noise {unknown}
 l - 2 scrolls of blinking {unknown}
 p - a scroll of magic mapping {unknown}
 u - a scroll of random uselessness {unknown}
Potions
 n - a potion of restore abilities
 q - 2 potions of curing
Comestibles
 f - 2 bread rations
 j - 5 fruits
 v - a beef jerky


   Skills:
 - Level 4.1 Fighting
 - Level 3.6 Axes
 - Level 2.0 Throwing
 + Level 3.4 Armour
 - Level 3.2 Dodging


You had 3 spell levels left.
You didn't know any spells.

Dungeon Overview and Level Annotations

Branches:
Dungeon (3/15)

Altars:
Dithmenos
Kikubaaqudgha
Yredelemnul

Annotations:
D:3 hornqvist's ghost, average HOFi


Innate Abilities, Weirdness & Mutations

You reflexively headbutt those who attack you in melee.
You have a pair of horns on your head.


Message History

Hornqvist's ghost hits you.
You are feeling hungry.
You barely miss hornqvist's ghost.
Hornqvist's ghost is heavily damaged.
You feel sick.
Hornqvist's ghost whispers, "There is no future for you."
Hornqvist's ghost hits you. x2
You hit hornqvist's ghost.
Hornqvist's ghost is severely damaged.
You feel sick. Hornqvist's ghost barely misses you.
You hit hornqvist's ghost but do no damage.
Hornqvist's ghost is severely damaged.
You feel sick. Hornqvist's ghost hits you!
* * * LOW HITPOINT WARNING * * *
You hit hornqvist's ghost but do no damage.
You headbutt hornqvist's ghost.
Hornqvist's ghost is severely damaged.
* * * LOW HITPOINT WARNING * * *
You feel sick. Hornqvist's ghost hits you!
You die...

.## ... #.. $.####
#.. ......# #.###
......# ######.#.#
......#
....#.#.####......+
#....#.....†.....##
#....#.#<#@.......$
#.
#....#.###W########
#...###............#
#...........###....
#...###.#.#####....
#......<...........#
##.####.#.#####..#.#
...... .....#
##.#.### #..


You could see hornqvist's ghost.

Vanquished Creatures
  3 gnolls (D:2)
  An adder (D:2)
  A worm (D:2)
  3 giant geckos
  A giant cockroach (D:1)
  3 hobgoblins
  3 jackals (D:1)
  A quokka (D:2)
  5 bats
  3 giant newts (D:1)
  4 goblins
  6 kobolds
  8 rats
42 creatures vanquished.

Notes
Turn   | Place    | Note
--------------------------------------------------------------
     0 | D:1      | BluebellGnoll, the Minotaur Gladiator, began the quest for the Orb.
     0 | D:1      | Reached XP level 1. HP: 18/18 MP: 1/1
   192 | D:1      | Reached XP level 2. HP: 26/26 MP: 1/1
   444 | D:1      | Reached skill level 4 in Fighting
   646 | D:2      | Found a basalt altar of Yredelemnul.
   649 | D:2      | Reached XP level 3. HP: 33/33 MP: 2/2
   704 | D:2      | Reached skill level 1 in Armour
   868 | D:2      | Reached XP level 4. HP: 29/40 MP: 2/2
   908 | D:2      | Found an ancient bone altar of Kikubaaqudgha.
   909 | D:2      | Found a shadowy altar of Dithmenos.
  1345 | D:3      | Noticed hornqvist's ghost (average HOFi)
  1357 | D:3      | Mangled by hornqvist's ghost

Action                   |  1- 3 |  4- 6 || total
-------------------------+-------+-------++-------
Melee: War axe           |    68 |    21 ||    89
  Use: Potion            |       |     5 ||     5
  Eat: Chunk             |       |     1 ||     1
